AoeStats
← Carpii

Arena

510139748Analyzed
4v4 RM · 4d ago on Sep 29, 2026· 26m 14s· 8 players
Game mode
Random Map
Map size
Large (8 player)
Population
200
Speed
Normal
Resources
Standard
Victory
Conquest
Starting age
Dark Age
Ending age
Imperial Age
RankedLock teamsTeams togetherTeam positionsShared explorationLock speedFull tech treeHidden civsTurbo modeCheats
Victory
Defeat
🇩🇪 Lithuanians · Germany
1348
+15
🇩🇪 Bohemians · Germany
1345
+15
1276
+18
🇩🇪 Mongols · Germany
1216
+20
🇧🇷 Gurjaras · Brazil
1364
-19
🇦🇷 Lithuanians · Argentina
1308
-17
🇵🇪 Malians · Peru
1304
-16
🇮🇹 Burmese · Italy
1282
-16
bindella
10:54 Feudal Age
15:13 Castle Age
13:26 Horse Collar
16:19 Husbandry
16:30 Bloodlines
19:15 Wheelbarrow
22:46 Scale Barding Armor
22:59 Forging
22:50 Husbandry
kraquen
10:50 Feudal Age
14:55 Castle Age
13:26 Horse Collar
13:45 Loom
19:46 Fletching
21:01 Padded Archer Armor
23:02 Double-Bit Axe
23:46 Elite Skirmisher
26:10 Bodkin Arrow
dionathanbh
10:43 Feudal Age
15:22 Castle Age
20:36 Gold Mining
24:04 Forging
23:55 Scale Mail Armor
1
10:01 Feudal Age
13:50 Castle Age
12:13 Horse Collar
12:45 Double-Bit Axe
14:00 Light Cavalry
21:02 Bow Saw
DesFroschi
10:27 Feudal Age
14:01 Castle Age
12:06 Double-Bit Axe
16:37 Chemistry
20:18 Padded Archer Armor
24:23 Bow Saw
23:54 Horse Collar
24:01 Loom
26:08 Wheelbarrow
jujuchoker
11:18 Feudal Age
12:18 Double-Bit Axe
15:19 Castle Age
13:18 Horse Collar
16:36 Bow Saw
21:09 Wheelbarrow
20:42 Gold Mining
21:35 Stone Mining
28:38 Imperial Age
26:29 Hand Cart
26:03 Loom
Carpii
10:37 Feudal Age
12:21 Double-Bit Axe
15:12 Castle Age
16:10 Squires
16:26 Squires
24:12 Bow Saw
26:52 Wheelbarrow
26:06 Horse Collar
26:42 Husbandry
boom n type gg noob team
11:11 Feudal Age
11:55 Double-Bit Axe
11:52 Horse Collar
18:26 Castle Age
17:07 Stone Mining
19:29 Pikeman
21:04 Forging
23:06 Bow Saw
23:22 Heavy Plow
24:41 Loom
26:07 Wheelbarrow
Connection lost

Rejoining the realm…

Still unreachable

The connection could not be restored.

Session expired

The server has moved on; the page needs a fresh start.